 Dungeon Crawl Stone Soup version 0.27-a0-1189-gb8eb6cee8e (webtiles) character file.

Game seed: 17818022737053309092

44 armax the Shield-Bearer (level 3, -3/34 HPs)
             Began as a Deep Dwarf Fighter on May 22, 2021.
             Killed from afar by Grinder (9 damage)
             ... with a puff of flame
             ... on level 3 of the Dungeon.
             The game lasted 00:00:58 (636 turns).

armax the Shield-Bearer (Deep Dwarf Fighter)         Turns: 636, Time: 00:00:58

Health: -3/34      AC:  6    Str: 20    XL:     3   Next: 39%
Magic:  3/3        EV: 11    Int:  8    God:
Gold:   57         SH:  9    Dex: 12    Spells: 2/2 levels left

rFire    . . .     SeeInvis .   a - +0 war axe
rCold    . . .     Faith    .   c - +0 kite shield
rNeg     . . .     Spirit   .   b - +0 scale mail
rPois    .         Reflect  .   (no helmet)
rElec    .         Harm     .   (no cloak)
rCorr    .         Rampage  .   (no gloves)
Will     .....                  (no boots)
Stlth    ..........             (no amulet)
HPRegen  0.00/turn              g - +4 ring of evasion
MPRegen  0.08/turn              (no ring)

@: no status effects
A: damage resistance, heal wounds, sense surroundings 1, no regeneration
a: Heal Wounds


You were on level 3 of the Dungeon.
You visited 1 branch of the dungeon, and saw 3 of its levels.

You collected 57 gold pieces.

Inventory:

Hand Weapons
 a - a +0 war axe (weapon)
Armour
 b - a +0 scale mail (worn)
 c - a +0 kite shield (worn)
Jewellery
 g - a +4 ring of evasion (left hand)
Scrolls
 f - a scroll of identify {unknown}
 h - a scroll of enchant weapon {unknown}
Potions
 d - a potion of might {@q3}
 e - a potion of cancellation {unknown}


   Skills:
 + Level 3.0 Fighting
 * Level 3.0 Axes
 + Level 3.6 Armour
 * Level 3.9 Shields


You had 2 spell levels left.
You didn't know any spells.
Your spell library was empty.

Dungeon Overview and Level Annotations

Branches:
Dungeon (3/15)

Altars:

Annotations:
D:3 Grinder


Innate Abilities, Weirdness & Mutations

You are resistant to damage.
You can heal yourself by infusing magical energy.
You passively map a small area around you.
You do not regenerate.


Message History

No target in view!
No target in view!
No target in view!
No target in view!
No target in view!
No target in view!
No target in view!
No target in view!
An endoplasm comes into view.
The endoplasm quivers.
An endoplasm is nearby!
An endoplasm is nearby!
You see here a +0 leather armour.
No target in view!
No target in view!
No target in view!
No target in view!
No target in view!
Found a stone staircase leading down.
You hit the endoplasm. You block the endoplasm's attack.
You hit the endoplasm but do no damage. The endoplasm hits you.
The endoplasm hits you but does no damage.
You slash the endoplasm!
You kill the endoplasm!
Your Fighting skill increases to level 3!
No target in view!
No target in view!
No target in view!
No target in view!
No target in view!
No target in view!
No target in view!
No target in view!
No target in view!
No target in view!
You open the door.
There is an open door here.
Grinder comes into view.
She is carrying a wand of flame (12).
Grinder shouts!
Found 4 atropa-tipped darts and 9 stones.
Found an escape hatch in the floor.
Grinder is nearby!
Grinder is nearby!
Grinder gestures at you.
You suddenly lose the ability to move!
Grinder hits you.
You writhe in agony.
You can move again.
You hit Grinder.
Grinder says, "Make like a tree!"
Grinder hits you!
You writhe in agony.
You hit Grinder but do no damage. Grinder hits you.
You writhe in agony.
Grinder misses you.
You are too injured to fight recklessly!
You are too injured to fight recklessly!
You are too injured to fight recklessly!
Unknown command.
You fail to use your ability.
Grinder gestures at you. Pain shoots through your body!
* * * LOW HITPOINT WARNING * * *
You fail to use your ability.
Grinder gestures at you. You resist with significant effort.
You are too injured to fight recklessly!
You feel much better.
Grinder zaps a wand.
You block the puff of flame.
You fail to use your ability.
Grinder hits you.
You writhe in agony.
You hit Grinder. Grinder gestures at you. Pain shoots through your body!
You closely miss Grinder. Grinder gestures at you.
You resist with significant effort. Grinder barely misses you.
You hit Grinder.
Grinder blinks!
Grinder gestures at you. You resist with significant effort.
Grinder gestures at you. You resist with significant effort.
Grinder zaps a wand.
The puff of flame hits you!
You are too injured to fight recklessly!
You are too injured to fight recklessly!
You are too injured to fight recklessly!
You are too injured to fight recklessly!
You are too injured to fight recklessly!
You are too injured to fight recklessly!
You are too injured to fight recklessly!
You are too injured to fight recklessly!
You are too injured to fight recklessly!
You are too injured to fight recklessly!
You are too injured to fight recklessly!
You are too injured to fight recklessly!
Unknown command.
You hit Grinder.
Grinder says, "Wait up."
Grinder closely misses you.
You hit Grinder.
Grinder rolls her eyes.
Grinder zaps a wand.
The puff of flame hits you!
* * * LOW HITPOINT WARNING * * *
Grinder zaps a wand.
The puff of flame hits you!
You die...

, ,, , , , ...... ,
...(.>+#### ,
#(.......# *,
*#........#
#........#### , *
###............, , ,
......5....#* * *
.......@...######## ,
....######........#,*,
, . , #........# , ,,
* #........#
#........#, ,, ,
#........# , * *
#####'##.# #.##.# *
#.##.# *


You could see Grinder.

Vanquished Creatures
  2 adders (D:2)
  3 endoplasms
  4 giant cockroaches
  A hobgoblin (D:2)
  3 kobolds
  5 quokkas
  A ball python (D:2)
  2 bats
  A frilled lizard (D:2)
  A rat (D:2)
23 creatures vanquished.

Notes
Turn   | Place    | Note
-------+----------+-------------------------------------------
     0 | D:1      | armax the Deep Dwarf Fighter began the quest for the Orb.
     0 | D:1      | Reached XP level 1. HP: 20/20 MP: 1/1
   107 | D:1      | Reached XP level 2. HP: 21/27 MP: 2/2
   304 | D:2      | Reached XP level 3. HP: 15/33 MP: 3/3
   621 | D:3      | Noticed Grinder
   622 | D:3      | Paralysed by Grinder for 2 turns
   636 | D:3      | Killed from afar by Grinder

Illustrated notes

Levels and vault maps discovered:
D:1:      scummos_arrival_gate, layout_rooms, chequers_serial_rivers_micro_e,
          roderic_nine_men_s_morris
D:2:      layout_rooms, minmay_tromino_mix6, uniq_crazy_yiuf_cottage
D:3:      layout_basic, hellmonk_ecumenical_altar_leap_of_faith,
          amcnicky_mini_rare_corridor_liquid, uniq_sigmund, uniq_grinder

Skill      XL: |  1  2  3 |
---------------+----------+-----
Axes           | 3 |  3.0
Fighting       | 3 |  3.0
Armour         | |  3.6
Shields        | |  3.9

Action                   || total
-------------------------++-------
Melee: War axe           ||    84
 Abil: Heal Wounds       ||     2
Armor: Scale mail        ||    36
Dodge: Dodged            ||    32
Block: Kite shield       ||    50

Table legend: (Time is in decaauts)
 A = Elapsed time spent in this place.
 B = Non-inter-level travel time spent in this place.
 C = Inter-level travel time spent in this place.
 D = Time resting spent in this place.
 E = Time spent auto-exploring this place.
 F = Levels seen in this place.
 G = Mean time per level.
                   A        B        C        D        E       F      G
               +--------+--------+--------+--------+--------+-----+--------+
         Total |    685 |    637 |     48 |      0 |    406 |   3 |  228.3 |
       Dungeon |    685 |    637 |     48 |      0 |    406 |   3 |  228.3 |
               +--------+--------+--------+--------+--------+-----+--------+

Top non-repeatable levels by time:
     D:2: 274 daAuts
     D:1: 247 daAuts
     D:3: 164 daAuts
